Map: Hardwire LE

Players

Kaynen

  • Race: Zerg Zerg
  • League: Gold
  • Spawn Location: 1:00

Tebz - Winner!

  • Race: Terran Terran
  • League: Gold
  • Spawn Location: 7:00

VOD

Have the link to the VOD?

Description

19 Drones, 3 queens & 1 spore vs 3 Libs

Time

  • Played on: July 9, 2022, 8:30 p.m.
  • Length: 18:05
Show
View Real Time Build Order
Export as new Build Order

Kaynen Zerg 

Build Orders: Hatch First, Lurkers 

Get SALT Encoding   

  12  0:00  Drone  
  13  0:12  Overlord  
  13  0:16  Drone  
  14  0:32  Drone x2  
  16  0:37  Drone  
  17  0:53  Hatchery  
  17  0:56  Drone  
  17  0:59  Drone  
  17  1:02  Extractor  
  17  1:15  Spawning Pool  
  17  1:17  Drone  
  17  1:22  Drone  
  18  1:29  Drone  
  19  1:39  Overlord  
  19  2:01  Drone  
  19  2:02  Queen  
  19  2:04  Zergling x2  
  19  2:06  Zergling x2  
  19  2:07  Queen  
  26  2:14  Metabolic Boost  
  26  2:17  Drone x2  
  28  2:29  Drone x2  
  30  2:32  Overlord  
  30  2:38  Overlord  
  30  2:49  Drone x2  
  32  2:56  Queen  
  34  3:04  Drone  
  35  3:06  Drone  
  35  3:08  Hatchery  
  35  3:21  Zergling x2  
  35  3:22  Zergling x10  
  35  3:26  Drone  
  42  3:30  Lair  
  42  3:33  Drone  
  43  3:46  Baneling Nest, Drone x3  
  45  3:53  Drone  
  46  3:56  Queen  
  46  4:02  Overlord x2  
  48  4:05  Overlord  
  48  4:13  Drone x4  
  52  4:22  Drone x4  
  52  4:23  Evolution Chamber  
  55  4:30  Drone x3  
  58  4:32  Spore Crawler  
  58  4:37  Spore Crawler  
  56  4:44  Drone x2  
  56  4:45  Drone x3  
  61  4:50  Zerg Melee Weapons Level 1  
  61  4:51  Extractor  
  60  4:53  Extractor  
  59  5:04  Centrifugal Hooks  
  59  5:09  Drone x9  
  68  5:26  Queen  
  70  5:30  Zergling x16  
  70  5:31  Zergling x2  
  70  5:33  Baneling x6  
  79  5:41  Overlord x3  
  79  5:44  Pneumatized Carapace  
  79  5:51  Evolution Chamber  
  79  5:56  Drone x4  
  82  5:57  Extractor  
  82  6:03  Drone x5  
  86  6:20  Baneling x4  
  86  6:21  Baneling x4  
  86  6:28  Queen  
  88  6:39  Hatchery  
  87  6:48  Zerg Melee Weapons Level 2  
  87  6:49  Zerg Ground Armor Level 1  
  87  6:56  Hydralisk Den, Hatchery  
  87  6:59  Infestation Pit  
  84  7:02  Zergling x8  
  84  7:03  Zergling x26, Hatchery  
  100  7:12  Overseer x2  
  100  7:28  Spore Crawler  
  99  7:31  Drone x7  
  99  7:32  Extractor  
  99  7:36  Extractor  
  104  7:40  Overlord x2  
  104  7:41  Overlord x3  
  104  7:44  Spine Crawler  
  104  7:46  Spine Crawler  
  96  8:08  Hydralisk x4  
  96  8:09  Hydralisk x9  
  105  8:33  Hydralisk x5  
  113  8:39  Drone x4  
  117  8:48  Zerg Missile Weapons Level 1  
  117  8:53  Hydralisk  
  117  8:54  Hydralisk  
  121  8:57  Drone x2  
  123  9:10  Muscular Augments  
  97  9:35  Zergling x32  
  105  9:45  Zergling x4  
  105  9:46  Zergling x8  
  110  9:55  Baneling  
  110  9:56  Baneling x11  
  110  9:57  Baneling  
  110  10:06  Drone  
  110  10:07  Drone x5  
  116  10:21  Grooved Spines  
  116  10:31  Zergling x28  
  110  10:36  Zergling x4  
  110  10:37  Zergling x2  
  102  10:46  Zergling x10  
  102  10:47  Zergling x4  
  109  11:00  Hive  
  109  11:02  Zerg Ground Armor Level 2, Zerg Missile Weapons Level 2  
  108  11:11  Drone x5  
  108  11:12  Drone  
  99  11:21  Hydralisk x3  
  105  11:32  Zergling x14  
  95  11:33  Zergling x2  
  77  11:43  Zergling x14  
  77  11:44  Zergling x2  
  83  11:52  Zergling x12  
  89  11:55  Baneling  
  89  11:58  Baneling x9  
  89  11:59  Baneling  
  89  12:00  Zergling x2  
  90  12:03  Baneling  
  90  12:04  Baneling x5  
  90  12:12  Lurker Den  
  89  12:21  Zergling x16  
  89  12:22  Zergling x2  
  100  12:24  Baneling  
  100  12:25  Baneling x5  
  98  12:49  Zergling x14  
  98  12:50  Zergling x28  
  108  12:52  Baneling  
  108  12:53  Baneling x3  
  108  12:58  Hydralisk x2  
  107  13:09  Hydralisk x4  
  115  13:17  Baneling x15  
  115  13:28  Zergling x2  
  115  13:29  Zergling x16  
  124  13:38  Overlord x2, Drone  
  124  13:39  Overlord  
  125  13:44  Zerg Melee Weapons Level 3  
  105  14:00  Zergling x22  
  116  14:02  Queen  
  116  14:08  Lurker x3  
  116  14:09  Lurker x2  
  123  14:14  Seismic Spines  
  123  14:34  Drone x8, Extractor  
  123  14:38  Hatchery  
  114  15:04  Zergling x8  
  114  15:05  Zergling x38  
  137  15:07  Baneling x3  
  137  15:11  Adaptive Talons  
  137  15:20  Zergling x16  
  137  15:21  Zergling x6  
  112  15:30  Baneling x15  
  110  15:37  Zergling x2  
  110  15:38  Zergling x6  
  112  15:48  Hydralisk x3  
  118  15:56  Hydralisk x2  
  111  16:03  Hydralisk x2  
  111  16:04  Drone  
  113  16:19  Hydralisk x6  
  120  16:28  Baneling x16  
  120  16:36  Extractor  
  119  16:42  Extractor  
  118  16:53  Baneling x13  
  118  17:02  Hatchery  
  102  17:11  Zergling x2  
  102  17:12  Zergling x30  
  82  17:28  Zergling x18  
  89  17:43  Zergling x16  
Show
View Real Time Build Order
Export as new Build Order

Tebz Terran - Winner!

Build Orders:  

Get SALT Encoding   

  12  0:00  SCV  
  13  0:14  SCV  
  14  0:18  Supply Depot  
  14  0:26  SCV  
  15  0:40  SCV  
  15  0:42  Barracks  
  16  0:47  Refinery  
  16  0:56  SCV  
  17  1:08  SCV  
  18  1:12  Supply Depot  
  18  1:20  SCV  
  19  1:31  Marine  
  20  1:36  Orbital Command  
  20  1:58  Marine  
  20  2:00  Command Center  
  21  2:02  SCV  
  22  2:14  SCV  
  23  2:16  Factory  
  23  2:19  Marine  
  24  2:26  SCV  
  25  2:35  Refinery  
  25  2:38  SCV  
  25  2:41  Barracks  
  26  2:45  Barracks Reactor  
  26  2:50  SCV  
  27  3:00  Supply Depot  
  27  3:03  Supply Depot  
  27  3:04  SCV  
  28  3:07  Factory Tech Lab  
  28  3:13  Orbital Command  
  28  3:17  SCV  
  29  3:29  Supply Depot, SCV  
  29  3:32  Supply Depot  
  29  3:33  Barracks Tech Lab  
  30  3:37  Marine  
  30  3:38  Marine  
  32  3:43  Siege Tank  
  32  3:46  SCV x2  
  37  3:59  Supply Depot  
  37  4:00  SCV x2  
  39  4:03  Marine x3  
  39  4:08  Refinery  
  42  4:12  Refinery  
  42  4:14  Starport  
  42  4:15  SCV x2  
  44  4:20  Marine  
  44  4:21  Marine  
  44  4:23  Marine  
  47  4:28  SCV x2  
  49  4:38  Marine  
  49  4:40  SCV  
  49  4:41  SCV  
  52  4:46  Stimpack  
  52  4:47  Supply Depot  
  52  4:48  Siege Tank  
  55  4:53  SCV  
  55  4:54  Starport Reactor  
  55  4:57  SCV  
  57  5:05  SCV  
  58  5:13  SCV  
  59  5:15  Engineering Bay  
  59  5:16  Engineering Bay  
  59  5:20  SCV  
  59  5:21  Command Center  
  60  5:25  SCV  
  60  5:27  Supply Depot, Marine x3  
  64  5:32  SCV  
  65  5:38  SCV  
  66  5:42  Supply Depot  
  66  5:44  Cyclone, Marine, SCV  
  66  5:45  Marine x2  
  73  5:50  SCV  
  73  5:52  Supply Depot  
  73  5:55  Terran Infantry Armor Level 1, Terran Infantry Weapons Level 1  
  74  6:00  Missile Turret, Liberator  
  77  6:04  Marine x3  
  77  6:06  SCV  
  81  6:17  SCV  
  81  6:18  SCV  
  83  6:22  Marine x3  
  86  6:27  Liberator  
  86  6:29  SCV  
  86  6:30  SCV  
  91  6:35  Barracks  
  91  6:41  SCV  
  91  6:42  SCV  
  93  6:50  Liberator  
  93  6:53  SCV  
  97  6:54  SCV  
  97  6:56  Armory, Marine x2, Marauder  
  102  7:03  Orbital Command  
  102  7:10  Medivac  
  102  7:12  Missile Turret, Concussive Shells  
  102  7:14  Marine  
  105  7:17  SCV x2, Marauder  
  105  7:18  Barracks  
  109  7:28  Marine  
  109  7:29  SCV x2  
  113  7:31  Marine  
  113  7:36  Barracks Tech Lab  
  113  7:38  Marauder  
  115  7:46  Marine  
  116  8:06  SCV x3  
  116  8:18  SCV x2  
  116  8:19  Marine, SCV  
  120  8:20  Marauder  
  120  8:21  Marauder  
  120  8:22  Barracks Tech Lab  
  121  8:30  SCV  
  121  8:31  SCV  
  121  8:33  Barracks  
  123  8:35  Barracks  
  123  8:40  Terran Infantry Weapons Level 2, Terran Infantry Armor Level 2  
  120  8:41  Terran Vehicle Weapons Level 1  
  120  8:42  Thor, Marauder x2  
  120  8:43  Combat Shield  
  120  8:46  Command Center  
  130  9:03  Marauder  
  130  9:05  Barracks  
  130  9:06  Barracks  
  132  9:18  Supply Depot  
  132  9:19  Supply Depot  
  132  9:20  Supply Depot x2  
  132  9:23  Supply Depot  
  132  9:27  Marauder  
  132  9:28  Marauder  
  132  9:32  Marauder  
  131  9:39  Thor  
  131  9:40  Marine  
  138  9:47  Barracks Tech Lab  
  138  9:48  Marauder, Barracks Tech Lab  
  138  9:49  Marauder  
  142  9:53  Marauder  
  142  9:54  SCV x3  
  147  10:00  Medivac  
  147  10:01  Medivac  
  147  10:06  SCV x2, Orbital Command  
  153  10:09  Starport  
  153  10:10  Marauder  
  153  10:11  Marauder  
  157  10:15  Marauder  
  157  10:18  Marine x6  
  165  10:21  Command Center  
  165  10:30  Medivac x2  
  165  10:31  Marauder, Barracks  
  165  10:32  Marauder  
  165  10:33  Barracks  
  143  10:36  Marine x4, Marauder  
  125  10:51  Barracks Reactor, Barracks Tech Lab  
  125  10:52  Marauder  
  125  10:53  Marine, Marauder  
  125  10:54  Marine x3  
  131  10:57  Marauder  
  131  11:00  Medivac  
  130  11:11  Marine  
  130  11:12  Marine x3  
  130  11:13  Marine  
  130  11:14  Marine  
  135  11:18  Marine  
  135  11:22  Marine  
  137  11:29  Marine  
  137  11:30  Marine x3  
  137  11:31  Marine  
  137  11:32  Marine  
  139  11:36  Marine  
  139  11:37  Marine  
  139  11:38  Marine  
  137  11:40  Marine  
  137  11:42  Planetary Fortress  
  137  11:46  SCV x4  
  142  11:47  Marine x4  
  142  11:49  Marine  
  142  11:50  Marine  
  148  11:54  Marauder  
  148  11:55  Marine  
  148  11:56  Marine  
  148  11:57  Marine  
  148  11:58  SCV x2  
  148  11:59  SCV x2  
  148  12:00  Barracks  
  157  12:01  Barracks  
  157  12:04  Thor  
  157  12:05  Medivac x2, Marine x2  
  157  12:06  Marauder x2  
  157  12:07  Marauder  
  177  12:08  Marauder  
  177  12:10  SCV x2  
  177  12:13  Marine  
  177  12:14  Marine  
  181  12:15  Marine  
  181  12:16  Marauder  
  184  12:23  Marine x2  
  184  12:27  Marine x2  
  184  12:28  Marine  
  184  12:29  Marine  
  190  12:31  Marine x2  
  190  12:33  Marine  
  190  12:35  Medivac x2  
  190  12:37  Marine  
  197  12:38  Starport Tech Lab  
  197  12:40  Marine, Barracks  
  197  12:41  Marine, Barracks  
  197  12:42  Barracks  
  200  12:46  Thor, Marauder  
  200  12:47  Marauder  
  200  12:49  Marine x2  
  200  12:51  Marine x4, Marauder  
  175  12:55  Marauder  
  182  12:58  Marine  
  182  12:59  Marine  
  168  13:07  Marine x2  
  168  13:08  Medivac x2, Raven, Marauder  
  168  13:09  Marine x2, Marauder  
  181  13:13  Marauder  
  181  13:15  Refinery  
  181  13:16  Marine x3  
  181  13:18  Refinery  
  186  13:22  Barracks Reactor x2  
  186  13:24  Marine  
  186  13:25  Marine  
  186  13:27  Marine x2  
  186  13:29  Thor, Marine x2  
  186  13:33  SCV x2  
  186  13:34  Marine x2, Refinery  
  198  13:35  Refinery  
  200  13:45  Marine x2  
  200  13:46  Marine  
  200  13:47  Marine  
  200  14:01  Barracks Reactor, Barracks Tech Lab  
  200  14:08  Barracks Reactor  
  200  14:24  Missile Turret  
  200  14:28  Missile Turret, Command Center  
  200  14:31  Factory  
  200  14:34  Refinery  
  200  14:57  Barracks  
  200  15:11  Terran Infantry Weapons Level 3, Terran Infantry Armor Level 3, Terran Vehicle Weapons Level 2  
  161  15:34  Marine x14  
  161  15:35  Marine x5  
  180  15:37  Thor  
  180  15:38  Factory Tech Lab  
  186  15:47  Barracks  
  186  15:51  Marine  
  186  15:52  Marine x4  
  186  15:53  Marauder x5  
  167  15:58  Marauder  
  167  15:59  Marine x4, Marauder  
  167  16:00  Marine x3  
  167  16:02  Thor  
  136  16:04  Medivac x2  
  172  16:09  Marine  
  172  16:10  Marine x4  
  177  16:14  Marauder x5  
  177  16:17  Marine x7  
  194  16:20  Marauder x2  
  197  16:25  Barracks  
  197  16:27  Marine, Barracks  
  197  16:28  Marine x2  
  200  16:39  Planetary Fortress  
  200  16:51  Command Center  
  167  17:15  Marine x2, Marauder x6  
  154  17:16  Marine x13  
  168  17:33  Marine x6  
  168  17:34  Marine x8, Marauder  
  168  17:36  Marine x6  
Tags
 
Composition
Lurkers
League
GoldGold
Matchup
TvZ
Spawn Locations
Cross Positions
Add a new tag
Caveats
  • Supply blocks, unpowered buildings, or Contaminate may cause inaccurate times.
  • Supply counts are checked every 10 seconds.